cohdb
Replays
Latest Replays
All Replays
Popular Replays
Top Player Replays
Match Explorer
How It Works
Community
CoH3 Stats
Reddit
Sign in to upload your games and track your stats! →
Sign in with Steam
Match 38301114
Unlisted
Match 38301114
Overview
Messages
Build Orders
End
Scout Squad
Scout Squad
Scout Squad
Selects Airborne Battlegroup
Construct Weapon Support Center
Selects Pathfinders
Bazooka Squad
Pathfinder Squad
Infantry Support Center
Selects Recon Loiter
M3 Armored Personnel Carrier
Pathfinder Squad
Advanced Logistics
Selects Supply Drop
M3 Armored Personnel Carrier
Engineer Squad
Recon Loiter
Bazooka Squad
Improved M9 Bazooka Rockets
Bazooka Squad
Selects Dual P-47 Rocket Strike
Survival Training
Recon Loiter
Selects Paratrooper Squad Paradrop
Construct Medical Station
M1919 Machine Gun Team
M1919 Machine Gun Team
Dual P-47 Rocket Strike
Recon Loiter
Bazooka Squad
Bazooka Squad
Bazooka Squad
Supply Drop
Selects Anti-tank Gun Team Paradrop
Recon Loiter
佩佩美容头疗
『BlackBear』
[GCDC]RwiAng
BOMO
0
0
Comments
sign in to comment!
No comments posted yet!